 Dungeon Crawl Stone Soup version 0.26.1-2-gb8aa6d0cf2 (webtiles) character file.

Game seed: 8159455765056741729

53 Morgon the Skirmisher (level 4, 0/29 HPs)
             Began as a Kobold Fighter on Mar 22, 2021.
             Slain by a rat (3 damage)
             ... on level 3 of the Dungeon.
             The game lasted 00:07:42 (1717 turns).

Morgon the Skirmisher (Kobold Fighter)              Turns: 1717, Time: 00:07:42

Health: 0/29       AC:  7    Str: 13    XL:     4   Next: 10%
Magic:  4/4        EV: 11    Int:  9    God:
Gold:   110        SH:  0    Dex: 15    Spells: 3/3 levels left

rFire    . . .     SeeInvis .   a - +0 flail
rCold    . . .     Faith    .   (shield restricted)
rNeg     . . .     Spirit   .   b - +0 scale mail
rPois    .         Reflect  .   (no helmet)
rElec    .         Harm     .   (no cloak)
rCorr    .         Rampage  .   (no gloves)
Will     .....                  i - +0 pair of boots
Stlth    +.........             (no amulet)
HPRegen  0.09/turn              (no ring)
MPRegen  0.09/turn              (no ring)

@: no status effects
A: small, nightstalker 3
a: no special abilities


You were on level 3 of the Dungeon.
You visited 1 branch of the dungeon, and saw 3 of its levels.

You collected 110 gold pieces.

Inventory:

Hand Weapons
 a - a +0 flail (weapon)
 n - a +0 mace
 p - a +0 hunting sling
Missiles
 o - 13 sling bullets
Armour
 b - a +0 scale mail (worn)
 c - a +0 kite shield
 i - a +0 pair of boots (worn)
Jewellery
 g - an uncursed amulet of faith {unknown}
Wands
 m - a wand of random effects (21)
Scrolls
 e - a scroll of remove curse {unknown}
 k - 2 scrolls of teleportation {unknown}
 l - a scroll of identify {unknown}
Potions
 d - a potion of might
 f - 3 potions of curing {unknown}
 h - 2 potions of resistance {unknown}
 j - a potion of attraction {unknown}


   Skills:
 + Level 4.0 Fighting
 + Level 2.9 Maces & Flails
 - Level 2.4 Armour
 + Level 1.1 Dodging
 - Level 2.4 Shields


You had 3 spell levels left.
You didn't know any spells.
Your spell library was empty.

Dungeon Overview and Level Annotations

Branches:
Dungeon (3/15)

Altars:
Cheibriados
Makhleb
Trog

Annotations:
D:2 Robin


Innate Abilities, Weirdness & Mutations

You are small and have problems with some larger weapons.
You are completely attuned to the shadows.


Message History

There is a stone staircase leading up here.
Unknown command.
Unknown command.
You hit the hound.
The hound is severely wounded.
The hound bites you.
* * * LOW HITPOINT WARNING * * *
The hound bites you but does no damage.
You closely miss the hound.
The hound is severely wounded.
The hound bites you but does no damage. The rat bites you but does no damage.
You closely miss the hound.
The hound is severely wounded.
The hound bites you but does no damage. The rat closely misses you.
The hound stops to sniff the ground.
The hound bites you but does no damage.
You sock the hound!
You kill the hound!
The rat barely misses you. The rat bites you.
You die...

#....##
#......
#....#
###....#
....@r.#
...##....
.. .... #
.... ....


You could see a rat.

Vanquished Creatures
  A hound (D:3)
  2 adders (D:2)
  A worm (D:2)
  A dart slug (D:1)
  A leopard gecko (D:1)
  3 ball pythons
  A giant cockroach (D:1)
  2 hobgoblins
  2 bats (D:1)
  3 frilled lizards
  8 goblins
  2 kobolds (D:1)
  4 rats (D:1)
31 creatures vanquished.

Notes
Turn   | Place    | Note
-------+----------+-------------------------------------------
     0 | D:1      | Morgon the Kobold Fighter began the quest for the Orb.
     0 | D:1      | Reached XP level 1. HP: 14/14 MP: 1/1
   272 | D:1      | Reached XP level 2. HP: 19/19 MP: 2/2
   797 | D:1      | Reached XP level 3. HP: 17/24 MP: 3/3
  1498 | D:2      | Reached skill level 1 in Dodging
  1578 | D:2      | Found a snail-covered altar of Cheibriados.
  1580 | D:2      | Found a bloodstained altar of Trog.
  1678 | D:2      | Reached skill level 4 in Fighting
  1688 | D:2      | Found a burning altar of Makhleb.
  1698 | D:2      | Reached XP level 4. HP: 19/29 MP: 4/4
  1703 | D:2      | Noticed Robin
  1717 | D:3      | Slain by a rat

Illustrated notes

Levels and vault maps discovered:
D:1:      nzn_arrival_settlement, layout_loops_ring
D:2:      layout_basic, gammafunk_temple_overflow_pools,
          makhleb_heckhound_becter, chequers_temple_overflow_statue_of_worship,
          uniq_robin, uniq_jessica
D:3:      layout_basic, chequers_garden, nicolae_ru_awakened_eye

Skill      XL: |  1  2  3 |
---------------+----------+-----
Maces & Flails | 2 |  2.9
Dodging        | 1 |  1.1
Fighting       | 4 |  4.0
Armour         | |  2.4
Shields        | |  2.4

Action                   |  1- 3 |  4- 6 || total
-------------------------+-------+-------++-------
Melee: Flail             |    96 |    12 ||   108
 Stab: Sleeping          |     1 |       ||     1
Armor: Scale mail        |    53 |    10 ||    63
Dodge: Dodged            |    74 |    12 ||    86
